 Dungeon Crawl Stone Soup version 0.30.0-13-g156ef70053 (webtiles) character file.

Game seed: 16600445168269016920

55 GigaChad the Shield-Bearer (level 4, 0/37 HPs)
             Began as a Formicid Fighter on May 17, 2023.
             Was an Initiate of Gozag.
             Succumbed to an adder's poison
             ... on level 3 of the Dungeon.
             The game lasted 00:03:14 (2049 turns).

GigaChad the Shield-Bearer (Formicid Fighter)       Turns: 2049, Time: 00:03:14

Health: 0/37       AC: 12    Str: 22    XL:     4   Next: 14%
Magic:  4/4        EV:  6    Int:  8    God:    Gozag
Gold:   76         SH:  5    Dex: 13    Spells: 3/3 levels left

rFire   . . .        a - +0 war axe
rCold   . . .        c - +0 buckler
rNeg    . . .        e - +0 plate armour
rPois   .            (helmet unavailable)
rElec   .            h - +0 cloak
rCorr   .            (no gloves)
SInv    +            (no boots)
Will    .....        (no amulet) Stlth
                     (no ring)
HPRegen 0.26/turn    (no ring)
MPRegen 0.09/turn

%: no passive effects
@: lethally poisoned (0 -> -8)
A: permanent stasis, dig shafts and tunnels, antennae 3, four strong arms,
screaming 2, MP-powered wands
a: Dig, Shaft Self, Renounce Religion, Potion Petition, Call Merchant, Bribe
Branch


You were on level 3 of the Dungeon.
You worshipped Gozag.
Gozag was noncommittal.
You visited 1 branch of the dungeon, and saw 3 of its levels.

You collected 101 gold pieces.
You paid 25 gold pieces to Gozag.

Inventory:

Hand Weapons
 a - a +0 war axe (weapon)
Armour
 b - a +0 scale mail
 c - a +0 buckler (worn)
 e - a +0 plate armour (worn)
 h - a +0 cloak (worn)
Jewellery
 l - an amulet of faith
Wands
 r - a wand of flame (7)
Scrolls
 i - a scroll of poison
 m - a scroll of magic mapping {unknown}
 o - a scroll of teleportation {unknown}
 p - a scroll of immolation {unknown}
Potions
 d - a potion of might
 f - a potion of magic {unknown}
 g - 2 potions of mutation
 j - a potion of invisibility {unknown}
 k - 2 potions of brilliance {unknown}
 n - 2 potions of curing {unknown}
 q - a potion of cancellation {unknown}
 t - 2 potions of degeneration {unknown}


   Skills:
 * Level 3.7 Fighting
 * Level 2.8 Axes
 * Level 3.7 Armour
 * Level 4.6 Shields


You had 3 spell levels left.
You didn't know any spells.
Your spell library contained the following spells:

 Spells                   Type           Power      Damage    Failure   Level
 Shock                    Conj/Air       0%         1d3       100%        1
 Airstrike                Air            0%         2d(0-16)  100%        4
 Swiftness                Air            Unusable   N/A       N/A         3

Dungeon Overview and Level Annotations

Branches:
Dungeon (3/15)

Altars:
Gozag


Innate Abilities, Weirdness & Mutations

You cannot be hasted, slowed, berserked, paralysed or teleported.
You can dig through walls and to a lower floor.
You have a pair of large antennae on your head. (SInv)
Your four strong arms can wield two-handed weapons with a shield.
You frequently scream uncontrollably at your foes.
You expend magic power (3 MP) to strengthen your wands.


Message History

You barely miss the adder.
You feel sick. The adder bites you but does no damage. The adder bites you.
You are more poisoned.
The adder poisons you!
Unknown command.
You closely miss the adder.
You feel very sick. The adder barely misses you. The adder bites you.
Unknown command.
You are too injured to fight recklessly!
Unknown command.
You are too injured to fight recklessly!
You are too injured to fight recklessly!
You feel sick. You block the adder's attack.
You completely miss the adder.
You feel sick. The adder bites you but does no damage. The adder bites you.
You are more poisoned.
The adder poisons you!
You hit the adder.
The adder is moderately wounded.
* * * LOW HITPOINT WARNING * * *
You feel very sick. The adder barely misses you.
The adder bites you but does no damage.
You barely miss the adder.
The adder is moderately wounded.
* * * LOW HITPOINT WARNING * * *
You feel sick. The adder bites you.
* * * LOW HITPOINT WARNING * * *
You are more poisoned.
The adder poisons you!
It was a potion of mutation.
You feel extremely strange.
You feel the urge to shout.
You feel a strong urge to scream.
You feel your magical essence link to the dungeon's wands.
* * * LOW HITPOINT WARNING * * *
You feel sick. The adder bites you but does no damage.
You block the adder's attack.
You miss the adder.
The adder is moderately wounded.
You die...
Your body crumbles into a pile of gold.

#.# #.# ..... #.#
#.# ..#.## #.#
#.##.....# #.# { #..
...... #.# #..
.....#
#.##.#####.##..#.#
#.##........S....#
#####.########..@..#
................##.#
.#####.########.# ..
.# #.# #.# .... .#
#.# #.# #.. .# #.#
#.# #.. .# #.# #.#
#.# .# #.# #.# #.#
.# #.# #.#


You could see an adder.

Vanquished Creatures
  An adder (D:2)
  2 worms
  2 dart slugs
  An endoplasm (D:1)
  2 giant cockroaches
  2 hobgoblins (D:1)
  2 quokkas
  7 ball pythons
  5 bats
  2 frilled lizards (D:3)
  2 goblins
  4 kobolds
  5 rats
37 creatures vanquished.

Notes
Turn   | Place    | Note
-------+----------+-------------------------------------------
     0 | D:1      | GigaChad the Formicid Fighter began the quest for the Orb.
     0 | D:1      | Reached XP level 1. HP: 18/18 MP: 1/1
   305 | D:1      | Reached XP level 2. HP: 23/24 MP: 2/2
   767 | D:2      | Reached XP level 3. HP: 29/29 MP: 3/3
  1534 | D:3      | Reached XP level 4. HP: 29/37 MP: 4/4
  1776 | D:3      | Found an opulent altar of Gozag.
  1890 | D:3      | Became a worshipper of Gozag Ym Sagoz the Greedy
  2048 | D:3      | Gained mutation: You occasionally shout uncontrollably at
                  | your foes. [potion of mutation]
  2048 | D:3      | Gained mutation: You frequently scream uncontrollably at
                  | your foes. [potion of mutation]
  2048 | D:3      | Gained mutation: You expend magic power (3 MP) to
                  | strengthen your wands. [potion of mutation]
  2049 | D:3      | Succumbed to an adder's poison

Illustrated notes

Levels and vault maps discovered:
D:1:      roderic_dead_forest, layout_loops_ring, minmay_curled_crystal
D:2:      layout_loops_corners
D:3:      layout_loops_ring, nicolae_overflow_crystal_walls, amethyst_killhole,
          nrook_mini_vaults

Action                     |  1- 3 |  4- 6 || total
---------------------------+-------+-------++-------
  Melee: War axe           |    81 |    22 ||   103
    Use: Scroll            |     4 |       ||     4
         Potion            |       |     1 ||     1
 Armour: Plate armour      |    52 |    15 ||    67
  Dodge: Dodged            |    24 |     8 ||    32
  Block: Buckler           |    28 |     5 ||    33
